 Dungeon Crawl Stone Soup version 0.20.1-1-g8b1a95d (webtiles) character file.

4998 wilfster70 the Cleaver (level 10, -6/135 HPs)
             Began as a Minotaur Berserker on July 19, 2017.
             Was a High Priest of Trog.
             Mangled by an orc warrior
             ... wielding a +0 halberd
              (10 damage)
             ... in a bailey.
             The game lasted 00:22:23 (6297 turns).

wilfster70 the Cleaver (Minotaur Berserker)         Turns: 6297, Time: 00:22:24

Health: -6/135     AC: 14    Str: 31    XL:     10   Next: 29%
Magic:  12/12      EV: 12    Int:  4    God:    Trog [*****.]
Gold:   417        SH:  0    Dex: 13    Spells: 9/9 levels left

rFire    + . .     SeeInvis .   a - +2 war axe (chop)
rCold    . . .     Gourm    +   (no shield)
rNeg     . . .     Faith    .   y - +0 plate armour
rPois    .         Spirit   .   (helmet restricted)
rElec    .         Reflect  .   b - +0 cloak
rCorr    .         Harm     .   (no gloves)
MR       .....                  (no boots)
Stlth    ..........             w - amulet of the gourmand
Regen    0.4/turn               l - ring "Xunuobat" {+Inv +Fly Str+4}
MPRegen  0.2/turn               t - ring of protection from fire

@: berserking, very quick
A: retaliatory headbutt, horns 2
a: Berserk, Trog's Hand, Brothers in Arms, Burn Spellbooks, Renounce Religion,
Evoke Invisibility, Evoke Flight


You were in a bailey.
You worshipped Trog.
Trog was extremely pleased with you.
You were very full.

You visited 1 branch of the dungeon, and saw 8 of its levels.
You also visited: Bailey.

You collected 499 gold pieces.
You spent 82 gold pieces at shops.

Inventory:

Hand Weapons
 a - a +2 war axe of chopping (weapon)
Armour
 b - a +0 cloak (worn)
 y - a +0 plate armour (worn)
Jewellery
 l - the ring "Xunuobat" (left hand) {+Inv +Fly Str+4}
   (You found it on level 4 of the Dungeon)

   [ring of flight]

   It affects your strength (+4).
   It lets you turn invisible.
   It lets you fly.
 t - a ring of protection from fire (right hand)
 w - an amulet of the gourmand (around neck)
Wands
 r - a wand of lightning (6/15)
Scrolls
 d - a scroll of recharging
 e - 2 scrolls of enchant weapon
 f - 4 scrolls of identify
 m - 2 scrolls of blinking
 p - 2 scrolls of fog
 v - 3 scrolls of remove curse
 x - 2 scrolls of teleportation
Potions
 h - 3 potions of haste
 i - 2 potions of berserk rage {unknown}
 k - 2 potions of flight {unknown}
 n - a potion of mutation {unknown}
 q - a potion of cancellation {unknown}
 s - a potion of agility {unknown}
 u - a potion of brilliance {unknown}
 z - 2 potions of curing {unknown}
Comestibles
 c - 9 bread rations
 g - 6 royal jellies
 j - 6 fruits
 o - 2 meat rations
 A - 2 chunks of flesh


   Skills:
 + Level 8.6 Fighting
 * Level 11.3 Axes
 + Level 7.9 Armour
 + Level 7.4 Dodging
 + Level 4.3 Evocations


You had 9 spell levels left.
You didn't know any spells.

Dungeon Overview and Level Annotations

Branches:
Dungeon (8/15)             Temple (0/1) D:4
   Lair: D:8-11

Altars:

Shops:
D:4 %   D:5 *

Annotations:
D:6 1 runed door


Innate Abilities, Weirdness & Mutations

You reflexively headbutt those who attack you in melee.
You have a pair of horns on your head.


Message History

The orc warrior barely misses you. The orc warrior completely misses you.
As you open the door, it creaks loudly!
The orc knight hits you but does no damage.
The orc warrior misses you.
Found a crooked glowing staff and a crude crystal plate armour.
Found a pair of glowing gloves.
There is an open door here.
The orc warrior completely misses you.
A red film seems to cover your vision as you go berserk!
You feel yourself moving faster!
You feel mighty!
The orc warrior hits you from afar with a halberd!!
* * * LOW HITPOINT WARNING * * *
You feel a strong urge to attack something.
The orc warrior hits you but does no damage.
You barely miss the orc warrior. You headbutt the orc warrior!
The orc warrior is severely wounded.
You barely miss the orc warrior.
The orc warrior is severely wounded.
The orc warrior hits you with a halberd!
You die...

#.≈..## ##..§≈§≈≈≈§..# ##..≈
#.≈≈..## ##.§≈≈.§...≈≈.. ##..≈≈
#∩.≈≈..# #..≈§..⌠⌠⌠..≈≈. #..≈≈.
##.≈≈).#+#..§§...⌠...≈≈. #..≈≈.
#.≈≈..##.##..§≈ooo..≈≈.. ##..≈≈
#.≈..##...##..≈≈≈≈≈≈≈..# ##..≈
#.≈)##.....'#...§.....##.$$$.##.≈
#.≈.#############o#############.≈
#.≈...))))...##.@...# #####..≈
#.≈≈≈≈≈≈≈≈≈≈..##[|[#######≈≈≈≈≈≈≈
#..........≈≈).##.##)).##........
##########..≈≈..###).≈..##.######
##..≈≈....)≈≈...##...###
##..≈≈≈≈≈≈≈..#######..∩
##.........## #### ########### #


You could see 2 orc warriors.

Vanquished Creatures
  Pikel (D:4)
  A centaur zombie (D:7)
  2 trolls
  A human (D:7)
  4 hogs (D:7)
  Menkaure (D:4)
  A water moccasin (D:8)
  The ghost of noisi the Gusty, an amateur TeAE (D:5)
  2 orc warriors
  An ice beast (D:8)
  A sky beast (D:8)
  A phantom (D:4)
  4 ogres
  A centaur (D:6)
  A big kobold (D:7)
  4 bullfrogs
  A wyvern skeleton (D:6)
  4 scorpions
  5 killer bees
  3 howler monkeys (D:7)
  An electric eel (D:6)
  A quasit (D:7)
  A crimson imp (D:6)
  A bullfrog zombie (D:7)
  5 hounds
  A centaur skeleton (D:8)
  3 orc wizards (D:6)
  5 iguanas
  10 worker ants
  A killer bee zombie (D:6)
  A hound skeleton (D:6)
  8 adders
  2 shadow imps (D:6)
  2 oozes (D:1)
  2 adder skeletons
  A worm (D:3)
  A dart slug (D:4)
  2 leopard geckos
  28 orcs
  A ball python (D:3)
  4 bats
  7 giant cockroaches
  8 goblins
  8 hobgoblins
  7 jackals
  3 quokkas
  6 frilled lizards
  A jackal skeleton (D:6)
  11 kobolds
  A leopard gecko skeleton (D:7)
  A quokka skeleton (D:7)
  5 rats
179 creatures vanquished.

Vanquished Creatures (others)
  A slave (D:4)
  An adder (D:4)
2 creatures vanquished.

Grand Total: 181 creatures vanquished

Notes
Turn   | Place    | Note
-------+----------+-------------------------------------------
     0 | D:1      | wilfster70 the Minotaur Berserker began the quest for the Orb.
     0 | D:1      | Reached XP level 1. HP: 19/19 MP: 0/0
   106 | D:1      | Reached XP level 2. HP: 18/27 MP: 1/1
   270 | D:1      | Reached skill level 4 in Axes
   595 | D:2      | Reached XP level 3. HP: 28/33 MP: 2/2
   842 | D:2      | Reached ** piety under Trog
  1177 | D:3      | Reached XP level 4. HP: 9/40 MP: 3/3
  1500 | D:3      | Reached skill level 5 in Axes
  1891 | D:3      | Reached XP level 5. HP: 40/46 MP: 4/4
  2214 | D:4      | Got a brightly glowing lead ring
  2218 | D:4      | Identified the ring "Xunuobat" {+Inv +Fly Str+4} (You found it on level 4 of the Dungeon)
  2220 | D:4      | Noticed Menkaure
  2228 | D:4      | Killed Menkaure
  2228 | D:4      | Reached skill level 6 in Axes
  2228 | D:4      | Reached XP level 6. HP: 36/53 MP: 0/5
  2377 | D:4      | Found Nopp's Food Shop.
  2417 | D:4      | Noticed a slave
  2418 | D:4      | Noticed a slave
  2419 | D:4      | Noticed Pikel
  2420 | D:4      | Noticed a slave
  2424 | D:4      | Noticed a slave
  2431 | D:4      | Killed Pikel
  2431 | D:4      | Reached skill level 5 in Fighting
  2431 | D:4      | Reached skill level 7 in Axes
  2431 | D:4      | Reached skill level 5 in Armour
  2431 | D:4      | Reached XP level 7. HP: 61/61 MP: 6/6
  2561 | D:4      | Reached *** piety under Trog
  2636 | D:4      | Reached skill level 8 in Axes
  2636 | D:4      | Reached XP level 8. HP: 47/70 MP: 4/7
  2910 | D:4      | Found a staircase to the Ecumenical Temple.
  2959 | D:5      | Entered Level 5 of the Dungeon
  2962 | D:5      | Reached skill level 5 in Dodging
  2969 | D:5      | Found Wufapiqu's General Store.
  2972 | D:5      | Bought a scroll of enchant weapon for 82 gold pieces
  2988 | D:5      | Got a warped leather armour
  3002 | D:5      | Identified the +3 leather armour of Cyll {rElec rF- MR++ Dex+3} (You found it on level 5 of the Dungeon)
  3158 | D:5      | Noticed noisi's ghost (amateur TeAE)
  3165 | D:5      | Killed noisi's ghost
  3165 | D:5      | Reached skill level 1 in Evocations
  3515 | D:6      | Reached skill level 9 in Axes
  3895 | D:6      | Found a runed door.
  3901 | D:6      | Reached XP level 9. HP: 51/79 MP: 9/9
  3939 | D:6      | Found a runed door.
  3948 | D:6      | Reached **** piety under Trog
  4172 | D:7      | Noticed a troll
  4183 | D:7      | Killed a troll
  4452 | D:7      | Reached skill level 10 in Axes
  5052 | D:7      | Reached ***** piety under Trog
  5451 | D:7      | Reached skill level 11 in Axes
  5451 | D:7      | Reached XP level 10. HP: 87/89 MP: 11/11
  5926 | D:8      | Found a flagged portal.
  6037 | Bailey   | Entered a bailey
  6276 | Bailey   | Noticed an orc knight
  6294 | Bailey   | HP: 3/135 [orc warrior/halberd (24)]
  6297 | Bailey   | Mangled by an orc warrior

Skill      XL: |  1  2  3  4  5  6  7  8  9 10 |
---------------+-------------------------------+-----
Axes           | 4 5 6 7 8 9 11 | 11.3
Armour         | 3 4 5 6 7 |  7.9
Fighting       | 4 5 6 7 8 |  8.6
Dodging        | 3 4 6 7 |  7.4
Evocations     | 2 3 4 |  4.3

Action                   |  1- 3 |  4- 6 |  7- 9 | 10-12 || total
-------------------------+-------+-------+-------+-------++-------
Melee: Hand axe          |    42 |       |       |       ||    42
       Headbutt          |    10 |    14 |    61 |    16 ||   101
       War axe           |    28 |    66 |   217 |    60 ||   371
Invok: Berserk           |       |     2 |     3 |     2 ||     7
       Burn Spellbooks   |       |       |     2 |       ||     2
  Use: Scroll            |       |     9 |     4 |       ||    13
  Eat: Chunk             |     1 |     3 |    32 |     5 ||    41
       Fruit             |       |     1 |       |       ||     1
Armor: Animal skin       |     7 |     7 |       |       ||    14
       Scale mail        |       |    11 |    10 |       ||    21
       Chain mail        |       |       |    22 |       ||    22
       Plate armour      |       |       |    81 |    71 ||   152
Dodge: Dodged            |    47 |    45 |   145 |    91 ||   328
